 Dungeon Crawl Stone Soup version 0.29.0-7-g18a832c13a (webtiles) character file.

Game seed: 5716459277358696966

7 gelatine the Magician (level 1, 0/13 HPs)
             Began as a Demonspawn Hedge Wizard on Aug 31, 2022.
             Was a Follower of Kikubaaqudgha.
             Slain by a jackal (1 damage)
             ... on level 1 of the Dungeon.
             The game lasted 00:01:38 (613 turns).

gelatine the Magician (Demonspawn Hedge Wizard)      Turns: 613, Time: 00:01:39

Health: 0/13       AC:  2    Str: 10    XL:     1   Next: 91%
Magic:  4/4        EV: 12    Int: 15    God:    Kikubaaqudgha [*.....]
Gold:   33         SH:  0    Dex: 12    Spells: 4/6 levels left

rFire   . . .      SeeInvis .   a - +0 dagger
rCold   . . .      Faith    .   (no shield)
rNeg    . . .      Spirit   .   b - +0 robe
rPois   .          Reflect  .   c - +0 hat
rElec   .          Harm     .   (no cloak)
rCorr   .          Rampage  .   (no gloves)
Will    .....                   (no boots)
Stlth   ++........              (no amulet)
HPRegen 0.04/turn               (no ring)
MPRegen 0.09/turn               (no ring)

@: very slightly contaminated
A: no striking features
a: Renounce Religion, Unearth Wretches


You were on level 1 of the Dungeon.
You worshipped Kikubaaqudgha.
Kikubaaqudgha was aware of your devotion.
You visited 1 branch of the dungeon, and saw 1 of its levels.

You collected 33 gold pieces.

Inventory:

Hand Weapons
 a - a +0 dagger (weapon)
Armour
 b - a +0 robe (worn)
 c - a +0 hat (worn)
Scrolls
 e - a scroll of identify {unknown}
 f - a scroll of teleportation {unknown}


   Skills:
 + Level 0.1 Short Blades
 + Level 1.9 Dodging
 + Level 2.1 Stealth
 + Level 3.1 Spellcasting
 + Level 1.0 Conjurations
 + Level 1.0 Summonings
 + Level 0.8 Translocations


You had 4 spell levels left.
You knew the following spells:

 Your Spells              Type           Power      Damage    Failure   Level
a - Magic Dart            Conj           20%        1d4       13%         1
b - Necrotise             Necr           8%         1d4       21%         1

Your spell library contained the following spells:

 Spells                   Type           Power      Damage    Failure   Level
 Slow                     Hex            8%         N/A       21%         1
 Call Imp                 Summ           5%         N/A       21%         2
 Blink                    Tloc           8%         N/A       22%         2
 Sublimation of Blood     Necr           2%         N/A       30%         2
 Conjure Flame            Conj/Fire      3%         6-21      43%         3
 Mephitic Cloud           Conj/Pois/Air  3%         N/A       45%         3
 Vampiric Draining        Necr           2%         2d6       52%         3
 Animate Dead             Necr           2%         N/A       89%         4


Dungeon Overview and Level Annotations

Branches:
Dungeon (1/15)

Altars:
Kikubaaqudgha


Message History

You see here a jackal corpse.
A jackal is nearby!
You can't see any susceptible monsters within range! (Use Z to cast anyway.)
You can't see any susceptible monsters within range! (Use Z to cast anyway.)
Found a viscous clear potion.
A jackal comes into view.
The jackal barks!
You hear a bark!
A jackal comes into view.
You miscast Necrotise.
You are very lightly contaminated with residual magic.
Nothing appears to happen.
The jackal barks!
You miscast Necrotise.
Nothing appears to happen.
The jackal resists with significant effort.
The jackal bites you. The jackal barely misses you.
The jackal resists with significant effort.
The jackal closely misses you.
You are out of magic!
You are out of magic!
You are out of magic!
You barely miss the jackal. The jackal bites you.
You hit the jackal.
The jackal is moderately wounded.
The jackal bites you but does no damage.
The jackal bites you.
You hit the jackal.
The jackal is heavily wounded.
The jackal misses you.
You barely miss the jackal.
The jackal is heavily wounded.
The jackal bites you. x2
* * * LOW HITPOINT WARNING * * *
You hit the jackal.
You kill the jackal!
Kikubaaqudgha accepts your kill.
Your Stealth skill increases to level 2!
You barely miss the jackal. The jackal completely misses you.
Magic courses through your body. The jackal bites you.
You die...
Kikubaaqudgha rasps: "You have failed me!
Welcome... death!"

######............
#.....########
##...## ##.## #.#
#.# #†# #.# #@#
#h# #h# #.# #.#
... !.. ...


You could see 2 jackals.

Vanquished Creatures
  2 jackals (D:1)
  A quokka (D:1)
  2 ball pythons (D:1)
  A bat (D:1)
  A kobold (D:1)
  A rat (D:1)
8 creatures vanquished.

Notes
Turn   | Place    | Note
-------+----------+-------------------------------------------
     0 | D:1      | gelatine the Demonspawn Hedge Wizard began the quest for
                  | the Orb.
     0 | D:1      | Reached XP level 1. HP: 13/13 MP: 4/4
    11 | D:1      | Found a faded altar of an unknown god.
    15 | D:1      | Prayed at the altar of an unknown god.
    15 | D:1      | Became a worshipper of Kikubaaqudgha
    15 | D:1      | Reached * piety under Kikubaaqudgha
    15 | D:1      | Received a gift from Kikubaaqudgha
   317 | D:1      | Learned a level 1 spell: Necrotise
   613 | D:1      | Slain by a jackal

Illustrated notes

Levels and vault maps discovered:
D:1:      dpeg_arrival_long_road, layout_loops_corners,
          ebering_ecumenical_altar_petrified

Skill      XL: |  1 |
---------------+----+-----
Stealth        | 2 |  2.1
Short Blades   | |  0.1
Dodging        | |  1.9
Spellcasting   | |  3.1
Conjurations   | |  1.0
Summonings     | |  1.0
Translocations | |  0.8

Action                   || total
-------------------------++-------
Melee: Dagger            ||    25
 Cast: Magic Dart        ||     8
       Necrotise         ||     7
  Use: Potion            ||     1
Armor: Robe              ||    10
Dodge: Dodged            ||    12
